 Dungeon Crawl Stone Soup version 0.32-a0-18-g89e19f1974 (webtiles) character file.

Game seed: 5933567266219903836

116141 Pooter the Marksminotaur (level 16, -2/151 HPs)
             Began as a Minotaur Berserker on Jan 15, 2024.
             Was an Elder of Trog.
             Shot with a sling bullet by a faun (10 damage)
             ... on level 1 of the Shoals on Jan 17, 2024.
             The game lasted 02:51:23 (38979 turns).

Pooter the Marksminotaur (Minotaur Berserker)      Turns: 38979, Time: 02:51:23

Health: -2/151     AC: 16    Str: 20    XL:     16   Next: 20%
Magic:  15/15      EV:  8    Int:  6    God:    Trog [****..]
Gold:   1889       SH:  0    Dex: 20    Spells: 15/15 levels left

rFire   + + .        a - +3 dire flail (heavy)
rCold   + . .        (shield currently unavailable)
rNeg    + . .        E - +0 plate armour
rPois   .            o - +1 hat
rElec   .            D - scarf {rC+ rF+}
rCorr   +            (no gloves)
SInv    .            k - +2 pair of boots
Will    ++++.        W - amulet of regeneration Stlth
                     F - ring of the Queen {rF+ rN+ Will+ rCorr Str-4 Dex+6}
HPRegen 2.25/turn    Y - ring of flight
MPRegen 0.14/turn

%: no passive effects
@: lethally poisoned (-2 -> -3), strong-willed, flying, regenerating, studying
Staves
A: horns 2, retaliatory headbutt
a: Renounce Religion, Berserk, Trog's Hand, Brothers in Arms


You were on level 1 of the Shoals.
You worshipped Trog.
Trog was greatly pleased with you.
You visited 4 branches of the dungeon, and saw 23 of its levels.
You also visited: Gauntlet and Ice Cave.

You collected 3073 gold pieces.
You spent 1184 gold pieces at shops.

Inventory:

Hand Weapons
 a - a +3 heavy dire flail (weapon)
   (You took it off an orc knight on level 2 of the Orcish Mines)
 b - a +3 arbalest of draining
   (You took it off a kobold blastminer on level 2 of the Orcish Mines)
 e - a +0 battleaxe of flaming
   (You took it off a wight on level 8 of the Dungeon)
 U - the +10 lance "Wyrmbane" {slay drac, rPois rF+ rC+ AC+3}
   (You found it on level 2 of the Lair of Beasts)

   AC+3:      It affects your AC (+3).
   rF+:       It protects you from fire.
   rC+:       It protects you from cold.
   rPois:     It protects you from poison
Missiles
 n - 12 silver javelins
 x - 5 atropa-tipped darts
 G - 11 javelins
 H - 17 boomerangs (quivered)
Armour
 k - a +2 pair of boots (worn)
   (You found it on level 2 of the Lair of Beasts)
 o - a +1 hat (worn)
   (You found it on level 6 of the Dungeon)
 w - a scarf of harm
   (You found it on level 4 of the Lair of Beasts)
 D - a scarf of resistance (worn)
   (You found it on level 10 of the Dungeon)
 E - a +0 plate armour (worn)
   (You took it off an orc warrior on level 10 of the Dungeon)
 K - a +1 cloak of stealth
   (You took it off Maurice on level 2 of the Orcish Mines)
Jewellery
 g - a +6 ring of strength
   (You took it off an orc on level 4 of the Dungeon)
 m - a +6 ring of dexterity
   (You found it on level 11 of the Dungeon)
 r - the ring of Doubts {rN+ Str+4}
   (You found it in a Gauntlet)

   [ring of positive energy]

   Str+4:     It affects your strength (+4).
   rN+:       It protects you from negative energy.
 F - the ring of the Queen (left hand) {rF+ rN+ Will+ rCorr Str-4 Dex+6}
   (You took it off a minotaur in a Gauntlet)

   [ring of dexterity]

   Str-4:     It affects your strength (-4).
   Dex+6:     It affects your dexterity (+6).
   rF+:       It protects you from fire.
   rN+:       It protects you from negative energy.
   Will+:     It increases your willpower.
   rCorr:     It protects you from acid and corrosion.
 I - a ring of protection from cold
   (You found it in a Gauntlet)
 N - a ring of positive energy
   (You took it off a wight on level 8 of the Dungeon)
 P - a ring of poison resistance
   (You found it in a Gauntlet)
 S - a ring of see invisible
   (You found it on level 4 of the Lair of Beasts)
 W - an amulet of regeneration (around neck)
   (You found it on level 3 of the Lair of Beasts)
 X - a +5 ring of evasion
   (You found it on level 1 of the Lair of Beasts)
 Y - a ring of flight (right hand)
   (You found it on level 1 of the Lair of Beasts)
Wands
 c - a wand of light (4)
   (You found it on level 3 of the Dungeon)
 f - a wand of flame (27)
   (You took it off Eustachio on level 6 of the Dungeon)
 u - a wand of paralysis (21)
   (You found it on level 9 of the Dungeon)
 R - a wand of mindburst (8)
   (You found it on level 1 of the Shoals)
 Z - a wand of roots (10)
   (You found it on level 6 of the Dungeon)
Scrolls
 i - 10 scrolls of identify {@r1}
 q - 4 scrolls of fear
 t - 10 scrolls of teleportation {@r4}
 y - 3 scrolls of silence
 z - 2 scrolls of immolation {!r}
 C - a scroll of poison {!r}
 J - 3 scrolls of fog
 L - a scroll of blinking
 M - a scroll of brand weapon
Potions
 d - 4 potions of resistance
 h - 6 potions of mutation {!q}
 l - a potion of invisibility
 p - a potion of lignification {!q}
 s - 3 potions of haste {@q3}
 v - 15 potions of heal wounds {@q2}
 A - a potion of cancellation
 B - 3 potions of enlightenment
 O - 14 potions of curing {@q1}
 T - 3 potions of might
Miscellaneous
 j - a phial of floods (inert)
   (You found it in an ice cave)
 Q - a phantom mirror
   (You found it on level 5 of the Lair of Beasts)
 V - a lightning rod (4/4) {!a}
   (You found it on level 1 of the Lair of Beasts)


   Skills:
 + Level 16.2 Fighting
 + Level 17.3(18.6) Axes
 - Level 9.8(14.7) Maces & Flails
 - Level 6.2(12.8) Polearms
 - Level 18.0 Ranged Weapons
 + Level 4.5 Armour
 + Level 4.0 Dodging
 - Level 1.1 Stealth
 - Level 10.0 Evocations


You had 15 spell levels left.
You didn't know any spells.
Your spell library was empty.

Dungeon Overview and Level Annotations

Branches:
Dungeon (15/15) Zot: 24588  Temple (0/1) D:7            Lair (5/5) D:8 Zot: 21520
 Shoals (1/4) Lair:3 Zot: 4920  Spider (0/4) Lair:3        Slime (0/5) Lair:4
    Orc (2/2) D:10 Zot: 6907     Elf (0/3) Orc:2        Vaults (0/5) D:13
 Depths (0/4) D:15          IceCv (visited)         Gauntlet (visited)

Altars:
Ashenzari
Dithmenos
Elyvilon
Fedhas
Gozag
Makhleb
Okawaru
Qazlal
Trog
Uskayaw
Vehumet
Wu Jian
Yredelemnul
The Shining One

Shops:
Orc:2 [!(!!*(

Portals:
Trove: D:10 (give 12 potions of heal wounds)

Annotations:
D:14 2 transporters, Dunag's ghost, journeyman MiFi


Innate Abilities, Weirdness & Mutations

You have a pair of horns on your head.
You reflexively headbutt those who attack you in melee.


Message History

Trog will no longer gift you weapons.
The faun unwields a +0 sling.
The faun wields a +0 quarterstaff.
The faun hits you with a +0 quarterstaff!
* * * LOW HITPOINT WARNING * * *
The faun hits you with a +2 spear of venom.
* * * LOW HITPOINT WARNING * * *
The faun gestures at you while chanting.
You resist with almost no effort.
You closely miss the faun. The faun barely misses you.
The faun hits you with a +0 quarterstaff!!
* * * LOW HITPOINT WARNING * * *
A faun comes into view. It is wielding a +3 spear.
The faun shoots a sling bullet.
The sling bullet closely misses you. The sling bullet hits your ogre!
You barely miss the faun. You headbutt the faun!
A faun comes into view. It is wielding a +0 spear.
The faun completely misses you. You furiously retaliate!
You headbutt the faun!
The faun hits you with a +0 quarterstaff!!
* * * LOW HITPOINT WARNING * * *
The faun shouts!
You impale the faun!!
Your ogre closely misses the faun.
The faun hits you with a +2 spear of venom.
* * * LOW HITPOINT WARNING * * *
You are poisoned.
The faun hits you with a +0 quarterstaff!
* * * LOW HITPOINT WARNING * * *
You barely miss the faun. Your headbutt misses the faun.
You feel your willpower return.
You feel very sick.
Your ogre hits the faun with a +0 giant club!!
The faun dies!
Trog accepts your kill.
Trog appreciates your killing of a magic user.
The faun unwields a +0 spear.
The faun wields a +0 sling.
The faun shoots a sling bullet.
The sling bullet hits you.
* * * LOW HITPOINT WARNING * * *
The faun hits you but does no damage.
You hit the faun. You headbutt the faun!
You feel sick.
Your ogre closely misses the faun.
The faun shoots a sling bullet.
The sling bullet hits you!
* * * LOW HITPOINT WARNING * * *
The faun hits you with a +0 quarterstaff.
* * * LOW HITPOINT WARNING * * *
You bludgeon the faun!!
You kill the faun!
Trog accepts your kill.
Trog appreciates your killing of a magic user.
You feel sick.
The faun unwields a +3 spear.
The faun wields a +0 sling.
The faun shoots a sling bullet.
The sling bullet hits you!
You die...

.. . ~
!(.###...~~...###.......
P~..P..~~~~..........~..
PP~~P.~~~≈~........~....
~~P≈~~.~~~~~~~~.........
P~≈P.P.~~~~~~~~~~...~~~.
≈~.~....~~~~~~~~~≈≈≈~~~.
...~~.).....~~~~~≈≈~~~~~
#?.)O@......~~~~~~~~~. .
#....)...##.~~~~....~. ~
#.~~≈~~~.###..~~~....~~ ~
..~~≈≈≈≈≈~..........~~~≈
~
.~c≈≈≈≈≈≈~~..........~~~
~
,..cc~≈#≈≈~~~..........~~
≈
,....≈≈≈≈≈≈≈~.##.......~~
≈
~~~≈≈≈≈≈≈≈≈~.###.....~~≈
≈


You could see 3 fauns and a friendly ogre (summoned, berserk).

Vanquished Creatures
  A fire giant (D:15)
  An orc warlord (D:10)
  A minotaur (Gauntlet)
  The ghost of Heal the Slicer, a journeyman KoBr of Okawaru (Lair:3)
  A merfolk impaler (Shoals:1)
  A yaktaur captain (D:12)
  4 vault guards (D:13)
  10 hydras
  A rakshasa (D:14)
  An ice dragon (Lair:5)
  4 boulder beetles
  An ogre mage (D:15)
  2 merfolk avatars (Shoals:1)
  A ghost crab (Gauntlet)
  4 catoblepae
  7 centaur warriors
  7 two-headed ogres
  A death scarab (Gauntlet)
  4 death yaks (Lair:5)
  A vampire mage (Lair:1)
  3 orc high priests (Orc:2)
  2 tengu warriors (D:15)
  A wretched star (Gauntlet)
  A skeletal warrior (D:13)
  4 lindwurms
  3 obsidian statues
  2 deep elf pyromancers
  6 orc knights
  4 harpies (Shoals:1)
  A wolf spider (Lair:5)
  An oklob plant (Lair:4)
  6 ugly things
  4 cyclopes
  7 orc sorcerers
  6 manticores
  3 kobold blastminers
  3 fauns (Shoals:1)
  6 meliai (D:15)
  Maurice (Orc:2)
  2 merfolk sirens (Shoals:1)
  11 elephants
  A molten gargoyle (Lair:3)
  8 black mambas
  A guardian serpent (Lair:5)
  3 ice statues (IceCv)
  16 cane toads
  3 water nymphs (Shoals:1)
  6 torpor snails (Lair:5)
  A gargoyle (D:11)
  A freezing wraith (IceCv)
  2 ice devils (D:12)
  8 komodo dragons
  3 efreet
  5 rime drakes
  3 polar bears
  4 trolls
  11 hornets
  3 tyrant leeches (Lair:5)
  A wind drake (Shoals:1)
  3 merfolk (Shoals:1)
  21 blink frogs
  A spectral lindwurm (Gauntlet)
  A snapping turtle (Lair:3)
  A dire elephant simulacrum (IceCv)
  15 slime creatures
  2 vampires
  3 water elementals
  2 wraiths
  3 shadows
  Eustachio (D:6)
  20 yaks
  5 basilisks
  A human (shapeshifter) (D:13)
  14 wyverns
  11 vampire mosquitoes
  2 humans
  4 death yak simulacra (IceCv)
  4 steam dragons
  5 wargs
  2 neqoxecs (Gauntlet)
  3 redbacks (Lair:5)
  A harpy simulacrum (IceCv)
  20 water moccasins
  An ice beast (D:6)
  25 orc warriors
  4 sky beasts
  A wolf (shapeshifter) (D:13)
  3 black bears
  8 ogres
  8 centaurs
  4 wolves (Lair:3)
  2 phantoms (D:10)
  A kobold brigand (D:7)
  16 bullfrogs
  A gnoll sergeant (D:9)
  4 scorpions
  8 wights
  3 troll zombies (D:10)
  21 killer bees
  2 elephant simulacra (IceCv)
  9 electric eels
  6 howler monkeys
  2 bombardier beetles
  4 lava snakes (Lair:3)
  A hound (D:5)
  22 orc priests
  5 gnoll boudas
  7 jellies
  3 iguanas
  26 orc wizards
  7 hell rats (Lair:5)
  5 ogre zombies (D:10)
  25 gnolls
  5 adders
  3 shadow imps
  2 white imps (D:7)
  4 dart slugs
  2 ribbon worms
  79 orcs
  12 ball pythons
  11 endoplasms
  3 giant cockroaches
  2 gnoll zombies (D:10)
  7 goblins
  7 hobgoblins
  9 jackals
  11 kobolds
  3 quokkas
  4 bats
  4 frilled lizards (D:3)
  5 gnoll skeletons (D:10)
  A jackal skeleton (D:4)
  3 orc skeletons (D:10)
  15 orc zombies (D:10)
  9 rats
791 creatures vanquished.

Vanquished Creatures (collateral kills)
  A faun (Shoals:1)
1 creature vanquished.

Vanquished Creatures (others)
  An orc wizard (Orc:2)
1 creature vanquished.

Grand Total: 793 creatures vanquished

Notes
Turn   | Place    | Note
-------+----------+-------------------------------------------
     0 | D:1      | Pooter the Minotaur Berserker began the quest for the Orb.
     0 | D:1      | Reached XP level 1. HP: 19/19 MP: 0/0
   132 | D:1      | Reached XP level 2. HP: 17/27 MP: 1/1
   199 | D:1      | Reached skill level 1 in Stealth
   436 | D:1      | Reached XP level 3. HP: 31/33 MP: 2/2
   483 | D:1      | Found a faded altar of an unknown god.
   676 | D:1      | Reached skill level 1 in Ranged Weapons
   764 | D:1      | Reached ** piety under Trog
  1404 | D:3      | Found an iron altar of Okawaru.
  1410 | D:3      | Found a runed translucent door.
  1411 | D:3      | Noticed a centaur
  1413 | D:3      | Found the +0 toga "Victory" {*Victory Clar}
  1413 | D:3      | Noticed an ogre
  1418 | D:3      | Noticed an ogre
  1597 | D:3      | Reached XP level 4. HP: 40/40 MP: 3/3
  1626 | D:3      | Found an opulent altar of Gozag.
  1919 | D:3      | Reached skill level 5 in Axes
  1919 | D:3      | Reached skill level 2 in Ranged Weapons
  1988 | D:3      | Identified the +0 mace of Capital Punishment {holy, Will+
                  | Str+8 Int-5 Stlth+}
  2112 | D:3      | Reached XP level 5. HP: 47/47 MP: 4/4
  2144 | D:3      | Found a shadowy altar of Dithmenos.
  2145 | D:3      | Found an ornate altar of the Wu Jian Council.
  2278 | D:3      | Killed a centaur
  2279 | D:3      | Reached skill level 3 in Ranged Weapons
  2281 | D:3      | Killed an ogre
  2282 | D:3      | Reached skill level 5 in Fighting
  2282 | D:3      | Reached XP level 6. HP: 56/56 MP: 5/5
  2284 | D:3      | Reached skill level 4 in Ranged Weapons
  2446 | D:4      | Reached XP level 7. HP: 34/61 MP: 6/6
  2460 | D:3      | Reached *** piety under Trog
  3002 | D:4      | Reached skill level 5 in Ranged Weapons
  3140 | D:4      | Found a runed translucent door.
  3140 | D:4      | Noticed a human
  3151 | D:4      | Found a basalt altar of Yredelemnul.
  3163 | D:4      | Killed a human
  3764 | D:5      | Entered Level 5 of the Dungeon
  3913 | D:5      | Found a stormy altar of Qazlal.
  3925 | D:5      | Reached XP level 8. HP: 70/70 MP: 7/7
  4223 | D:5      | Reached skill level 6 in Ranged Weapons
  4544 | D:6      | Found a radiant altar of Vehumet.
  4661 | D:6      | Found a blossoming altar of Fedhas.
  4728 | D:6      | Noticed Eustachio
  4743 | D:6      | Killed Eustachio
  4998 | D:6      | Reached skill level 7 in Ranged Weapons
  5025 | D:6      | Found a bloodstained altar of Trog.
  5305 | D:7      | Reached **** piety under Trog
  5979 | D:7      | Found a staircase to the Ecumenical Temple.
  6076 | D:7      | Reached XP level 9. HP: 79/79 MP: 8/8
  6398 | D:7      | Reached skill level 8 in Ranged Weapons
  6590 | D:7      | Reached skill level 10 in Axes
  6731 | D:7      | Noticed a deep elf pyromancer
  6742 | D:7      | Killed a deep elf pyromancer
  6821 | D:7      | Reached skill level 9 in Ranged Weapons
  7004 | D:8      | Noticed a komodo dragon
  7058 | D:8      | Noticed a +0 hand axe
  7058 | D:8      | Noticed a +0 dagger
  7064 | D:8      | Found a hide-covered altar of Uskayaw.
  7592 | D:8      | Noticed a komodo dragon
  7604 | D:8      | Killed a komodo dragon
  7996 | D:8      | Reached XP level 10. HP: 89/90 MP: 9/9
  8342 | D:8      | Found a staircase to the Lair.
  8512 | D:8      | Found a glowing golden altar of the Shining One.
  8535 | D:8      | Reached skill level 10 in Ranged Weapons
  9024 | D:8      | Found a white marble altar of Elyvilon.
  9052 | D:8      | Found a burning altar of Makhleb.
  9730 | D:9      | Found a broken altar of Ashenzari.
  9867 | D:9      | Noticed a two-headed ogre
  9881 | D:9      | Killed a two-headed ogre
 10066 | D:9      | Reached skill level 11 in Ranged Weapons
 10808 | D:10     | Entered Level 10 of the Dungeon
 11169 | D:10     | Noticed a centaur warrior
 11386 | D:10     | Killed a centaur warrior
 11387 | D:10     | Reached skill level 1 in Evocations
 11387 | D:10     | Reached XP level 11. HP: 75/99 MP: 10/10
 14887 | D:10     | Reached ***** piety under Trog
 15523 | D:10     | Found a staircase to the Orcish Mines.
 15590 | D:10     | Reached skill level 10 in Fighting
 16078 | D:10     | Found a portal to a secret trove of treasure.
 16198 | Orc:1    | Entered Level 1 of the Orcish Mines
 16344 | Orc:1    | Noticed an orc warlord
 16403 | Orc:1    | Noticed an orc sorcerer
 16408 | Orc:1    | Noticed an orc sorcerer
 16420 | D:10     | Killed an orc warlord
 16421 | D:10     | Reached skill level 12 in Ranged Weapons
 16705 | Orc:1    | Killed an orc sorcerer
 16709 | Orc:1    | Killed an orc sorcerer
 17264 | Orc:2    | Entered Level 2 of the Orcish Mines
 17264 | Orc:2    | Found Ruonnowit's Weapon Shop.
 17288 | Orc:2    | Noticed an orc knight
 17299 | Orc:1    | Killed an orc knight
 17592 | Orc:2    | Noticed an orc sorcerer
 17639 | Orc:2    | Killed an orc sorcerer
 17673 | Orc:2    | Found a staircase to the Elven Halls.
 18401 | Orc:2    | Reached skill level 13 in Ranged Weapons
 18567 | Orc:2    | Noticed an orc high priest
 18595 | Orc:2    | Killed an orc high priest
 18596 | Orc:2    | Reached XP level 12. HP: 108/108 MP: 11/11
 18897 | Orc:2    | Noticed an orc high priest
 18904 | Orc:2    | Killed an orc high priest
 18951 | Orc:2    | Paralysed by an orc sorcerer for 2 turns
 18965 | Orc:2    | Reached skill level 15 in Axes
 19308 | Orc:2    | Noticed an orc high priest
 19343 | Orc:2    | Killed an orc high priest
 19810 | Orc:2    | Paralysed by an orc sorcerer for 3 turns
 21262 | Orc:2    | Found Cuykoe's General Store.
 21265 | Orc:2    | Found Wouddarr's Distillery.
 21273 | Orc:2    | Bought a scroll of identify for 34 gold pieces
 21273 | Orc:2    | Bought a scroll of identify for 34 gold pieces
 21277 | Orc:2    | Bought a potion of curing for 39 gold pieces
 21277 | Orc:2    | Bought 2 potions of enlightenment for 130 gold pieces
 21277 | Orc:2    | Bought a potion of might for 52 gold pieces
 21277 | Orc:2    | Bought a potion of curing for 39 gold pieces
 21277 | Orc:2    | Bought 2 potions of mutation for 208 gold pieces
 21277 | Orc:2    | Bought a potion of attraction for 39 gold pieces
 21277 | Orc:2    | Bought a potion of degeneration for 13 gold pieces
 21277 | Orc:2    | Bought a potion of heal wounds for 65 gold pieces
 21277 | Orc:2    | Bought a potion of curing for 39 gold pieces
 21278 | Orc:2    | Found Roruamy's Distillery.
 21280 | Orc:2    | Found Issoamp's Antique Weapon Boutique.
 21299 | Orc:2    | Bought a potion of heal wounds for 60 gold pieces
 21299 | Orc:2    | Bought 2 potions of resistance for 240 gold pieces
 21299 | Orc:2    | Bought a potion of haste for 120 gold pieces
 21299 | Orc:2    | Bought a potion of curing for 36 gold pieces
 21299 | Orc:2    | Bought a potion of curing for 36 gold pieces
 21466 | Orc:2    | Found Xomeu's Distillery.
 21474 | Orc:2    | Noticed Maurice
 21492 | Orc:2    | Maurice stole 11 javelins
 21494 | Orc:2    | Killed Maurice
 21548 | Orc:2    | Found Oshruekhi's Antique Armour Boutique.
 21680 | Lair:1   | Entered Level 1 of the Lair of Beasts
 21740 | Lair:1   | Reached skill level 14 in Ranged Weapons
 22085 | Lair:1   | Noticed a catoblepas
 22095 | Lair:1   | Killed a catoblepas
 22096 | Lair:1   | Reached skill level 1 in Maces & Flails
 22345 | Lair:1   | Reached skill level 5 in Evocations
 23035 | Lair:1   | Found a runed translucent door.
 23036 | Lair:1   | Noticed a vampire mage
 23057 | Lair:1   | Killed a vampire mage
 23568 | Lair:2   | Noticed a boulder beetle
 23582 | Lair:2   | Killed a boulder beetle
 23583 | Lair:2   | Reached XP level 13. HP: 97/117 MP: 12/12
 24048 | Lair:2   | Reached skill level 5 in Maces & Flails
 25005 | Lair:2   | Found the +8 lance "Wyrmbane" {slay drac, rPois rF+ rC+
                  | AC+3}
 25025 | Lair:2   | Found a runed translucent door.
 25410 | Lair:2   | Reached skill level 15 in Ranged Weapons
 25781 | Lair:3   | Reached skill level 1 in Polearms
 25892 | Lair:3   | Found a runed translucent door.
 25916 | Lair:3   | Noticed Heal's ghost (journeyman KoBr)
 25941 | Lair:3   | Killed Heal's ghost
 26035 | Lair:3   | Found a hole to the Spider Nest.
 26586 | Lair:3   | Found a staircase to the Shoals.
 27145 | Lair:4   | Found a staircase to the Slime Pits.
 27595 | Lair:5   | Entered Level 5 of the Lair of Beasts
 27613 | Lair:5   | Reached XP level 14. HP: 97/127 MP: 13/13
 27725 | Lair:5   | Reached skill level 16 in Ranged Weapons
 28103 | Lair:5   | Reached skill level 5 in Polearms
 28445 | Lair:5   | Paralysed by a hornet for 2 turns
 29490 | Lair:5   | Reached skill level 17 in Ranged Weapons
 30177 | D:11     | Found a gate leading to a gauntlet.
 30185 | Gauntlet | Entered a Gauntlet
 30185 | Gauntlet | Found a transporter.
 30185 | Gauntlet | Found a transporter.
 30205 | Gauntlet | Found a transporter.
 30237 | Gauntlet | Found a transporter.
 30284 | Gauntlet | Found a transporter.
 30297 | Gauntlet | Found a transporter.
 30301 | Gauntlet | Found a transporter.
 30373 | Gauntlet | Found a transporter.
 31122 | Gauntlet | Found a transporter.
 31178 | Gauntlet | Identified the ring of the Queen {rF+ rN+ Will+ rCorr Str-4
                  | Dex+6}
 31187 | Gauntlet | Reached XP level 15. HP: 104/124 MP: 14/14
 31241 | Gauntlet | Identified the ring of Doubts {rN+ Str+4}
 31249 | D:11     | Upgraded the game from 0.32-a0-12-g7fc57aa741 to
                  | 0.32-a0-18-g89e19f1974
 32059 | D:12     | Found a frozen archway.
 32088 | IceCv    | Entered an ice cave
 32280 | IceCv    | Identified the +3 robe of Eternal Night {^Contam rC+ Str+3
                  | Dex+3}
 33247 | D:13     | Reached skill level 18 in Ranged Weapons
 33404 | D:13     | Found a gate to the Vaults.
 33522 | D:13     | Reached skill level 15 in Fighting
 33576 | D:13     | Identified the +7 dagger "Pogohoj" {heavy, rElec rC+}
 34324 | D:14     | Found a transporter.
 34328 | D:14     | Noticed Dunag's ghost (journeyman MiFi)
 34362 | D:14     | Found a transporter.
 35316 | D:15     | Entered Level 15 of the Dungeon
 35371 | D:15     | Found a staircase to the Depths.
 35371 | D:15     | Noticed a fire giant
 35393 | D:15     | Killed a fire giant
 36585 | D:15     | Reached skill level 10 in Evocations
 36661 | D:15     | Reached XP level 16. HP: 119/151 MP: 15/15
 37842 | Shoals:1 | Entered Level 1 of the Shoals
 38978 | Shoals:1 | HP: 7/151 [faun/+0 quarterstaff (2)]
 38979 | Shoals:1 | Shot with a sling bullet by a faun

Illustrated notes

Levels and vault maps discovered:
D:1:      dpeg_arrival_prison, layout_loops_cross,
          shapermc_ecumenical_altar_mp_urbaneastern, dk_noncrumbling_3,
          chequers_serial_rivers_micro_d, minmay_misc_feat_tower,
          minmay_tiny_reverse_x
D:2:      layout_rooms
D:3:      minmay_bubble_buster, layout_basic,
          nicolae_overflow_guarded_unrand_okawaru_victory,
          gammafunk_temple_overflow_forgotten
D:4:      layout_loops_ring, dk_yredelemnul_ordeal, hangedman_decor_push,
          grunt_decor_one_mirror
D:5:      layout_basic, nicolae_qazlal_beasts_of_the_sky
D:6:      layout_cave_pools, mainiacjoe_overflow_small_starburst,
          nicolae_vehumet_radiance, kennysheep_mini,
          hangedman_abyss_or_decor_stabs, uniq_eustachio
D:7:      kennysheep_spiral_hall, layout_loops_cross,
          minmay_temple_entry_junction_2, guppyfry_early_elven_hall
D:8:      layout_layer_cave, dancing_weapons_uskayaw,
          mainiacjoe_overflow_large_starburst,
          mainiacjoe_overflow_concentric_impassable,
          grunt_lair_entry_orc_guard_hut
D:9:      layout_loops_corners, nicolae_overflow_crystal_walls,
          minmay_fractal_squares_gapless_5
D:10:     layout_loops_ring, zombieorc2_lemuel, enter_trove_6
D:11:     layout_rooms, gauntlet_entry_generic, nicolae_straight_to_the_point
D:12:     kennysheep_funnel, layout_irregular_city,
          portal_ice_cave_demonic_guard
D:13:     layout_cave_pods, lightli_vaults_fourway_checkpoint,
          nicolae_eternal_life
D:14:     layout_irregular_city, gammafunk_ghost_stat_death
D:15:     grunt_enter_depths_giant_problem, layout_long_grid, serial_rivers,
          chequers_serial_rivers_large_a, chequers_serial_rivers_room_a,
          chequers_serial_rivers_small_a, chequers_serial_rivers_micro_a,
          chequers_serial_rivers_small_b, kennysheep_flooded_box,
          serial_library_regret_index_split_case, minmay_more_statues
Lair:1:   statuecave_lemuel, layout_gridlike, pdpol_lair_cabin_in_the_woods
Lair:2:   gammafunk_lair_enchanted_lake, layout_loops_ring
Lair:3:   layout_gridlike, minmay_shoals_entry_hut, dummy_spider_entry,
          hellmonk_ghost_happy_afterlife, nicolae_lair_liquid_snakes,
          lemuel_fruit_fields
Lair:4:   layout_hall_layers, nicolae_slime_entry_slimehenge, lemuel_fruit_tree
Lair:5:   wormcave, layout_regular_city, hangedman_lair_tendril_chambers
Shoals:1: layout_shoals, nicolae_shoals_arrival_archipelago
Orc:1:    layout_caves, nicolae_orc_lava_room
Orc:2:    st_orc_elflike, layout_caves, serial_shops,
          nicolae_shop_real_fake_doors, nicolae_shop_just_a_little_nook, shop,
          uniq_maurice

Skill      XL: |  1  2  3  4  5  6  7  8  9 10 11 12 13 14 15 16 |
---------------+-------------------------------------------------+-----
Axes           | 4 5 6 7 9 11 13 14 15 17 | 17.3
Stealth        | 1 |  1.1
Fighting       | 4 5 6 7 8 9 10 11 12 14 15 16 | 16.2
Ranged Weapons | 1 2 3 4 5 7 9 11 13 14 15 17 18 | 18.0
Evocations     | 1 3 5 6 8 10 | 10.0
Maces & Flails | 4 8 9 |  9.8
Polearms       | 3 6 |  6.2
Armour         | 3 4 |  4.5
Dodging        | 4 |  4.0

Action                     |  1- 3 |  4- 6 |  7- 9 | 10-12 | 13-15 | 16-18 || total
---------------------------+-------+-------+-------+-------+-------+-------++-------
  Melee: Hand axe          |    42 |       |       |       |       |       ||    42
         Headbutt          |     8 |     9 |    24 |    73 |   291 |    25 ||   430
         Quarterstaff      |    33 |    63 |     5 |       |       |       ||   101
         War axe           |       |       |   144 |       |       |       ||   144
         Battleaxe         |       |       |     7 |   337 |   343 |    20 ||   707
         Punch             |       |       |     2 |       |     8 |     3 ||    13
         Dire flail        |       |       |       |    61 |    57 |    19 ||   137
         Lance             |       |       |       |       |   646 |    64 ||   710
   Fire: Sling             |    55 |     6 |       |       |       |       ||    61
         Shortbow          |       |     4 |   138 |   210 |       |       ||   352
         Arbalest          |       |       |       |   116 |   240 |    38 ||   394
         Orcbow            |       |       |       |     4 |       |       ||     4
  Throw: Dart              |       |       |     7 |     8 |    12 |       ||    27
         Throwing net      |       |       |     1 |       |       |       ||     1
         Boomerang         |       |       |       |       |     1 |     3 ||     4
 Invoke: Trog's Hand       |       |     2 |     7 |    25 |    24 |     1 ||    59
         Berserk           |       |     1 |     8 |    20 |    16 |     2 ||    47
         Brothers in Arms  |       |       |       |       |       |     1 ||     1
  Evoke: Wand              |       |     1 |     8 |    12 |    16 |       ||    37
         Lightning rod     |       |       |       |       |     1 |       ||     1
         Phial of floods   |       |       |       |       |     1 |       ||     1
    Use: Scroll            |     3 |     1 |    10 |    13 |    15 |       ||    42
         Potion            |       |       |       |     2 |     2 |       ||     4
   Stab: Paralysed         |       |       |       |     5 |     2 |       ||     7
         Petrified         |       |       |       |       |     7 |       ||     7
         Petrifying        |       |       |       |       |     1 |       ||     1
         Invisible         |       |       |       |       |    12 |       ||    12
 Armour: Animal skin       |    15 |       |       |       |       |       ||    15
         Chain mail        |    46 |    45 |   118 |   144 |       |       ||   353
         Plate armour      |       |       |       |   287 |   842 |   119 ||  1248
         Scale mail        |       |       |       |       |    51 |       ||    51
  Dodge: Dodged            |    71 |    64 |   111 |   300 |   440 |    36 ||  1022

Table legend: (Time is in decaauts)
 A = Elapsed time spent in this place.
 B = Non-inter-level travel time spent in this place.
 C = Inter-level travel time spent in this place.
 D = Time resting spent in this place.
 E = Time spent auto-exploring this place.
 F = Levels seen in this place.
 G = Mean time per level.
                   A        B        C        D        E       F      G
               +--------+--------+--------+--------+--------+-----+--------+
         Total |  39249 |  37675 |   1574 |  17550 |  13729 |  25 | 1570.0 |
       Dungeon |  23261 |  22258 |   1003 |   9713 |   9289 |  15 | 1550.7 |
          Lair |   8479 |   7979 |    500 |   2732 |   3709 |   5 | 1695.8 |
        Shoals |   1078 |   1077 |      1 |    632 |      0 |   1 | 1078.0 |
  Orcish Mines |   5092 |   5023 |     69 |   3569 |    645 |   2 | 2546.0 |
      Ice Cave |    248 |    248 |      0 |     46 |     41 |   1 |  248.0 |
      Gauntlet |   1089 |   1089 |      0 |    855 |     44 |   1 | 1089.0 |
               +--------+--------+--------+--------+--------+-----+--------+

Top non-repeatable levels by time:
    D:10: 5860 daAuts
   Orc:2: 3446 daAuts
     D:8: 2450 daAuts
  Lair:5: 2275 daAuts
  Lair:2: 2135 daAuts
  Lair:1: 1987 daAuts
    D:15: 1859 daAuts
     D:7: 1751 daAuts
     D:9: 1697 daAuts
   Orc:1: 1646 daAuts
     D:3: 1525 daAuts
    D:14: 1280 daAuts
  Lair:3: 1259 daAuts
    D:12: 1122 daAuts
    D:13: 1120 daAuts
